AoeStats
← Ifcpotter

Arena

510069585Analyzed
4v4 RM · 1d ago on Sep 29, 2026· 54m 23s· 8 players
Game mode
Random Map
Map size
Large (8 player)
Population
200
Speed
Normal
Resources
Standard
Victory
Conquest
Starting age
Dark Age
Ending age
Imperial Age
RankedLock teamsTeams togetherTeam positionsShared explorationLock speedFull tech treeHidden civsTurbo modeCheats
Victory
Defeat
🇹🇼 Celts · Taiwan
1059
+12
🇹🇼 Persians · Taiwan
1048
+39
🇹🇼 Poles · Taiwan
1026
+14
🇨🇳 Franks · China
964
+17
🇹🇼 Romans · Taiwan
1007
-15
🇪🇸 Spanish · Spain
1000
-45
🇨🇿 Malay · Czechia
998
-15
🇨🇳 Chinese · China
896
-11
Plundr dobrej koláč
10:56 Feudal Age
11:32 Loom
12:50 Double-Bit Axe
15:52 Fletching
21:54 Castle Age
20:29 Padded Archer Armor
21:27 Crossbowman
23:48 Bow Saw
24:11 Bodkin Arrow
26:21 Wheelbarrow
25:37 Horse Collar
26:44 Husbandry
28:08 Thumb Ring
28:40 Light Cavalry
33:58 Imperial Age
32:39 Leather Archer Armor
33:09 Ballistics
33:39 Arbalester
35:30 Chemistry
34:50 Hand Cart
38:53 Forging
38:24 Pikeman
39:06 Squires
40:43 Iron Casting
40:46 Halberdier
41:46 Man-at-Arms
42:38 Long Swordsman
43:09 Arson
44:27 Blast Furnace
43:50 Two-Handed Swordsman
Ifcpotter
14:38 Feudal Age
19:31 Wheelbarrow
19:46 Horse Collar
28:02 Castle Age
26:17 Gold Mining
26:21 Stone Mining
26:57 Town Watch
26:39 Man-at-Arms
27:44 Bloodlines
30:07 Stone Shaft Mining
29:53 Heavy Plow
29:25 Long Swordsman
29:28 Elite Skirmisher
29:33 Light Cavalry
42:32 Imperial Age
47:15 Hand Cart
46:28 Two-Handed Swordsman
47:25 Thumb Ring
46:43 Hussar
46:51 Cavalier
deankuo
11:15 Feudal Age
15:24 Castle Age
13:54 Double-Bit Axe
13:52 Horse Collar
17:00 Bow Saw
16:54 Heavy Plow
24:45 Wheelbarrow
25:20 Gold Mining
25:39 Stone Mining
26:01 Loom
29:29 Imperial Age
26:26 Pikeman
28:19 Scale Mail Armor
28:30 Forging
29:15 Fervor
30:25 Ballistics
30:24 Scale Barding Armor
30:55 Iron Casting
30:16 Heavy Scorpion
30:35 Man-at-Arms
31:15 Squires
31:39 Conscription
32:12 Comitatenses
32:01 Halberdier
32:28 Long Swordsman
33:16 Capped Ram
34:27 Chain Barding Armor
35:08 Blast Furnace
34:25 Chain Mail Armor
34:44 Husbandry
34:55 Bloodlines
34:14 Siege Ram
34:29 Elite Centurion
35:38 Legionary
36:40 Fletching
36:57 Onager
美少女王兔
11:35 Feudal Age
12:16 Double-Bit Axe
15:52 Castle Age
14:34 Horse Collar
21:43 Bow Saw
22:27 Heavy Plow
24:00 Wheelbarrow
23:38 Gold Mining
25:59 Gold Shaft Mining
25:18 Stone Mining
26:13 Hand Cart
29:54 Imperial Age
29:57 Thumb Ring
30:42 Stone Shaft Mining
31:22 Conscription
30:23 Elite Chu Ko Nu
31:13 Padded Archer Armor
31:04 Fletching
31:39 Ballistics
34:07 Two-Man Saw
34:16 Chemistry
34:27 Leather Archer Armor
34:08 Bodkin Arrow
36:36 Ring Archer Armor
36:06 Bracer
39:00 Scale Barding Armor
38:56 Scale Mail Armor
39:06 Forging
KING KID141
11:19 Feudal Age
15:20 Castle Age
13:39 Double-Bit Axe
14:34 Horse Collar
16:23 Bow Saw
20:00 Heavy Plow
19:51 Gold Mining
21:17 Wheelbarrow
23:30 Fortified Wall
23:54 Bloodlines
23:44 Husbandry
23:06 Light Cavalry
25:18 Hand Cart
26:02 Forging
26:01 Scale Barding Armor
27:03 Szlachta Privileges
27:06 Husbandry
30:18 Imperial Age
30:27 Chain Barding Armor
30:10 Stone Mining
31:42 Iron Casting
30:32 Cavalier
33:39 Blast Furnace
34:10 Crop Rotation
35:25 Conscription
karewellx
11:59 Feudal Age
16:09 Castle Age
14:42 Double-Bit Axe
14:50 Gold Mining
14:42 Horse Collar
19:10 Wheelbarrow
20:21 Hand Cart
20:32 Bow Saw
22:41 Stone Mining
23:26 Gold Shaft Mining
23:07 Loom
25:06 Heavy Plow
30:23 Imperial Age
30:10 Town Watch
32:42 Stone Shaft Mining
32:41 Furor Celtica
32:56 Conscription
31:59 Capped Ram
32:00 Heavy Scorpion
34:07 Fletching
35:14 Caravan
35:42 Town Patrol
35:52 Elite Skirmisher
39:14 Hoardings
39:50 Bodkin Arrow
39:56 Padded Archer Armor
43:50 Ballistics
44:30 Chemistry
43:36 Siege Engineers
52:20 Coinage
53:31 Heavy Mounted Crossbowman
53:32 Crossbowman
54:15 Scale Mail Armor
54:31 Leather Archer Armor
vchen639
9:49 Loom
11:43 Feudal Age
18:17 Castle Age
19:51 Double-Bit Axe
19:51 Horse Collar
21:28 Bow Saw
24:13 Heavy Plow
26:59 Gold Mining
27:03 Stone Mining
28:27 Wheelbarrow
35:35 Hand Cart
36:42 Elite Skirmisher
39:56 Imperial Age
49:57 Caravan
52:18 Two-Man Saw
50:59 Elite War Elephant
52:00 Conscription
76561199017414489
5:57 Loom
10:53 Feudal Age
14:37 Castle Age
12:49 Double-Bit Axe
25:00 Scale Barding Armor
25:06 Forging
25:34 Wheelbarrow
24:45 Town Watch
25:14 Gold Mining
25:51 Stone Mining
26:37 Gold Shaft Mining
31:04 Imperial Age
29:19 Hand Cart
29:33 Chain Barding Armor
29:49 Iron Casting
31:05 Husbandry
31:07 Cavalier
32:09 Conscription
31:10 Ordonnance Companies
32:33 Plate Barding Armor
32:59 Blast Furnace
32:26 Paladin
33:10 Elite Throwing Axeman
34:45 Town Patrol
35:59 Ballistics
Connection lost

Rejoining the realm…

Still unreachable

The connection could not be restored.

Session expired

The server has moved on; the page needs a fresh start.